 Dungeon Crawl Stone Soup version 0.31.0-12-g77e489cdc1 (webtiles) character file.

Game seed: 2479949114657170364

270 Killerpretzel the Changeling (level 6, 0/61 HPs)
             Began as an Octopode Shapeshifter on Mar 7, 2024.
             Incinerated by a bombardier beetle (4 damage)
             ... with a burning spray
             ... on level 4 of the Dungeon.
             The game lasted 00:02:25 (2548 turns).

Killerpretzel the Changeling (OpSh)                 Turns: 2548, Time: 00:02:26

Health: 0/61       AC: 23    Str: 19    XL:     6   Next: 22%
Magic:  6/6        EV:  2    Int: 13    God:
Gold:   91         SH:  0    Dex: 13    Spells: 5/5 levels left

rFire   . .          .
                       - Unarmed
rCold   . . .        (no shield)
rNeg    . . .        (helmet currently unavailable)
rPois   +            (no amulet)
rElec   .            l - +6 ring of strength
rCorr   .            (no ring)
SInv    .            (no ring)
Will    .....        (no ring)
Stlth   +            (no ring)
HPRegen 0.30/turn    (no ring)
MPRegen 0.10/turn    (no ring)
                     (no ring)

%: no passive effects
@: on fire, tree-form, glowing
A: stationary, stasis, torment immunity, boosted hp, almost no armour,
(amphibious), 8 rings, (camouflage 1), (gelatinous body 1), (nimble swimmer 1),
(tentacles)
a: no special abilities


You were on level 4 of the Dungeon.
You were a tree.
You visited 1 branch of the dungeon, and saw 4 of its levels.

You collected 91 gold pieces.

Inventory:

Missiles
 e - 4 javelins (quivered)
Jewellery
 l - a +6 ring of strength (left branch)
Talismans
 b - a beast talisman
 c - a flux talisman
Wands
 f - a wand of paralysis (3)
Scrolls
 k - a scroll of fear
Potions
 d - a potion of ambrosia
 g - a potion of attraction {unknown}
 h - 2 potions of curing {unknown}
 j - a potion of mutation {unknown}


   Skills:
 + Level 2.7 Fighting
 + Level 3.3 Dodging
 + Level 3.9 Unarmed Combat
 * Level 4.6 Shapeshifting


You had 5 spell levels left.
You didn't know any spells.
Your spell library was empty.

Dungeon Overview and Level Annotations

Branches:
Dungeon (4/15)
 Temple: D:4-7

Altars:


Innate Abilities, Weirdness & Mutations

You are a tree.
Your roots penetrate the ground, keeping you stationary.
You cannot be teleported.
You are immune to unholy pain and torment.
Your maximum health is greatly increased.
You cannot wear most types of armour.
((You are amphibious.))
You can wear up to eight rings at the same time.
((Your skin changes colour to match your surroundings (Stealth+).))
((Your rubbery body absorbs attacks. (AC +1, EV +1)))
((You are camouflaged when in or above water. (Stealth+)))
((You have tentacles for arms and can constrict up to eight enemies at once.))


Message History

The liquid fire burns you!
You feel less invigorated.
You feel less confused.
The giant cockroach bites you but does no damage.
The bombardier beetle bites you.
You hit the bombardier beetle.
The bombardier beetle is moderately wounded.
The liquid fire burns you!
The giant cockroach bites you but does no damage. x2
The bombardier beetle bites you but does no damage.
You pummel the bombardier beetle!!
You kill the bombardier beetle!
The liquid fire burns you!
The giant cockroach bites you but does no damage.
You closely miss the kobold. The liquid fire burns you!
The kobold hits you but does no damage.
The giant cockroach bites you but does no damage.
You barely miss the kobold. The liquid fire burns you!
* * * LOW HITPOINT WARNING * * *
The kobold hits you but does no damage.
The giant cockroach bites you but does no damage.
You hit the kobold.
You kill the kobold!
The liquid fire burns you!
* * * LOW HITPOINT WARNING * * *
The giant cockroach bites you but does no damage.
You hit the giant cockroach but do no damage.
The liquid fire burns you!
* * * LOW HITPOINT WARNING * * *
The giant cockroach bites you but does no damage.
You hit the giant cockroach but do no damage.
The liquid fire burns you!
* * * LOW HITPOINT WARNING * * *
The giant cockroach bites you but does no damage.
You hit the giant cockroach.
You kill the giant cockroach!
The liquid fire burns you!
You die...

................#
#.
#...........##..##
... ...#.....?...
.#
...#.##.......#..
. #.# ##..........
.##...
....###...###
......####...#..##
..........#....#.#
#......<♣†#......#
##.....##)......#
#......#......###
.................#
##..........<...#
#......B.....###
.........##....#
.......# ##...# .
#.###


There were no monsters in sight!

Vanquished Creatures
  Edmund (D:4)
  A bombardier beetle (D:4)
  Ijyb (D:3)
  5 adders
  A dart slug (D:3)
  A ribbon worm (D:2)
  7 orcs
  4 giant cockroaches
  5 hobgoblins
  3 jackals (D:2)
  6 kobolds
  2 quokkas
  4 ball pythons
  3 bats
  4 frilled lizards
  3 goblins
  4 rats
55 creatures vanquished.

Notes
Turn   | Place    | Note
-------+----------+-------------------------------------------
     0 | D:1      | Killerpretzel the Octopode Shapeshifter began the quest for
                  | the Orb.
     0 | D:1      | Reached XP level 1. HP: 13/13 MP: 1/1
   283 | D:1      | Found a faded altar of an unknown god.
   779 | D:2      | Reached XP level 2. HP: 12/18 MP: 2/2
   851 | D:2      | Reached XP level 3. HP: 3/23 MP: 3/3
  1426 | D:3      | Noticed Ijyb
  1428 | D:3      | Paralysed by Ijyb for 3 turns
  1440 | D:3      | Killed Ijyb
  1441 | D:3      | Reached XP level 4. HP: 15/29 MP: 4/4
  1889 | D:3      | Reached skill level 4 in Shapeshifting
  1992 | D:3      | Reached XP level 5. HP: 33/34 MP: 5/5
  2406 | D:4      | Noticed Edmund
  2537 | D:4      | Killed Edmund
  2538 | D:4      | Reached XP level 6. HP: 31/41 MP: 6/6
  2548 | D:4      | Incinerated by a bombardier beetle

Illustrated notes

Levels and vault maps discovered:
D:1:      scummos_arrival_gate, layout_basic,
          dreamdust_ecumenical_altar_angels_and_demons, hangedman_decor_growths,
          serial_bayou_pond_e, nicolae_wormholes
D:2:      layout_rooms, serial_forest, infiniplex_forest_clump_double,
          infiniplex_forest_zigzag_1, infiniplex_forest_clump_tiny,
          infiniplex_forest_straight_2, infiniplex_forest_lined_2,
          infiniplex_forest_clump_small, infiniplex_forest_join,
          infiniplex_forest_split
D:3:      layout_loops_ring, hangedman_abyss_or_decor_stabs, uniq_ijyb
D:4:      layout_cave_pools, grunt_gozag_breadcrumbs, uniq_edmund

Skill      XL: |  1  2  3  4  5 |
---------------+----------------+-----
Fighting       | 2 |  2.7
Shapeshifting  | 4 |  4.6
Dodging        | 3 |  3.3
Unarmed Combat | |  3.9

Action                     |  1- 3 |  4- 6 || total
---------------------------+-------+-------++-------
  Melee: Unarmed           |    64 |    63 ||   127
         Constrict         |    18 |    10 ||    28
         Tentacles         |    17 |     7 ||    24
         Punch             |     2 |     2 ||     4
    Use: Scroll            |     5 |     1 ||     6
         Potion            |     1 |     2 ||     3
   Stab: Sleeping          |     3 |     4 ||     7
         Distracted        |       |     1 ||     1
 Armour: Skin              |    34 |    53 ||    87
  Dodge: Dodged            |    28 |    23 ||    51
